Comets vs Punishers
(R1)
Created - December 22, 2021 at 20:28
Goals
|
Comets |
0 |
1 |
2 |
3 |
Punishers |
3 |
4 |
1 |
8 |
|
Shots
|
Comets |
9 |
10 |
14 |
33 |
Punishers |
9 |
14 |
5 |
28 |
|
1st period
1. Punishers , Zack Hamill 4 (Tyler Bertuzzi 5, Nikita Gusev 2) at 2:27
2. Punishers , John Quenneville 1 (Artem Zub 4) at 6:04
3. Punishers , Corey Tropp 5 (Zack Hamill 9) at 6:48 (PP)
Penalties :
Ben Betker (Pro) for Interference (Minor) at 3:42, Dennis Everberg (Uti) for Hooking (Minor) at 6:34, Tyler Bertuzzi (Pro) for Elbowing (Minor) at 11:29, Seth Helgeson (Uti) for Interference (Minor) at 15:11
2nd period
4. Punishers , Chrstian Dvorak 1 (Noah Juulsen 2, Anton Blidh 2) at 2:49
5. Punishers , Tyler Bertuzzi 7 (Ben Betker 5, Corey Tropp 6) at 4:41 (PP)
6. Comets , Dennis Everberg 8 (Brendan Gaunce 15) at 11:47 (PP)
7. Punishers , John Quenneville 2 (Brett Kulak 3, Ben Betker 6) at 12:41
8. Punishers , Carter Ashton 2 (Radek Faksa 2, Artem Zub 5) at 18:05
Penalties :
Artem Zub (Pro) for Fighting (Major) at 4:20, Kurtis Macdermid (Uti) for Fighting (Major) at 4:20, Kurtis Macdermid (Uti) for instigated a fight (Minor) at 4:20, Kurtis Macdermid (Uti) for instigated a fight (10 Minutes Misconduct) at 4:20, Noah Juulsen (Pro) for High sticking (Minor) at 8:33, Ben Betker (Pro) for High sticking (Minor) at 11:31, Carter Ashton (Pro) for Roughing (Minor) at 18:28
3rd period
9. Comets , Brendan Perlini 3 (Axel Holmstrom 1) at 1:36
10. Punishers , Daniel Audette 1 (Anton Blidh 3, Nikita Gusev 3) at 12:41
11. Comets , Teemu Pulkkinen 1 (Nicolas Petan 3, Joshua Leivo 1) at 13:34
Penalties :
Tyler Bertuzzi (Pro) for High sticking (Minor) at 1:52, Seth Helgeson (Uti) for Interference (Minor) at 5:35, Austen Brassard (Pro) for Hooking (Minor) at 9:38, Juuso Riikola (Uti) for Holding (Minor) at 17:04, Austen Brassard (Pro) for Tripping (Minor) at 19:51
Goalie Stats
Marek Langhamer (Uti), 13 saves from 17 shots - (0.765), 37:11 minutes
Thatcher Demko (Uti), 7 saves from 11 shots - (0.636), L, 1-1-0, 22:49 minutes
Louis Domingue (Pro), 30 saves from 33 shots - (0.909), W, 3-3-1, 60:00 minutes
Players Stats for Comets
Player Name G A P +/- PIM S H SB GA TA FO MP PP MP PK MP
------------------------------------------------------------------------------------
Andrej Nestrasil 0 0 0 -2 0 1 2 1 0 0 3/8 15:33 5:11 0:12
Axel Holmstrom 0 1 1 -1 0 0 0 0 0 0 1/3 7:14 0:00 0:00
Brendan Gaunce 0 1 1 -1 0 4 1 1 1 0 10/32 20:17 6:58 1:25
Brendan Lemieux 0 0 0 -2 0 4 1 1 0 0 0/0 18:26 5:11 2:16
Brendan Perlini 1 0 1 -1 0 3 0 0 0 0 0/0 7:17 0:00 0:03
Dennis Everberg 1 0 1 -1 2 5 6 0 0 0 1/2 22:26 6:58 3:35
Jordan Gross 0 0 0 1 0 0 0 0 0 0 0/0 3:42 0:00 0:00
Joshua Leivo 0 1 1 0 0 1 2 0 0 0 0/0 11:02 0:09 0:00
Juho Lammikko 0 0 0 -1 0 1 0 1 0 0 0/0 7:14 0:00 0:00
Justin Bailey 0 0 0 -2 0 1 2 0 0 1 0/1 15:21 5:11 0:00
Juuso Riikola 0 0 0 0 2 2 2 0 0 1 0/0 20:09 4:47 1:08
Kurtis Macdermid 0 0 0 -1 17 0 0 0 0 0 0/0 4:49 0:00 0:00
Nicolas Petan 0 1 1 0 0 0 0 1 1 0 3/3 10:43 0:00 0:00
Nikita Tryamkin 0 0 0 0 0 2 0 1 0 1 0/0 20:53 4:47 1:51
Oliver Kylington 0 0 0 -1 0 0 0 0 0 1 0/0 11:43 0:00 3:01
Phil Di Giuseppe 0 0 0 0 0 0 0 0 0 0 0/0 0:19 0:09 0:00
Seth Helgeson 0 0 0 -4 4 3 2 0 0 0 0/0 24:01 7:31 1:51
Taylor Beck 0 0 0 -1 0 3 3 0 0 1 5/11 24:01 6:58 4:10
Teemu Pulkkinen 1 0 1 0 0 2 3 0 0 0 0/0 12:16 0:00 1:23
Tyler Graovac 0 0 0 0 0 0 0 0 0 0 0/0 0:19 0:09 0:00
Wiley Sherman 0 0 0 -4 0 1 0 2 0 1 0/0 26:43 7:31 4:41
William Lagesson 0 0 0 1 0 0 1 0 0 0 0/0 8:55 0:00 0:32
Players Stats for Punishers
Player Name G A P +/- PIM S H SB GA TA FO MP PP MP PK MP
------------------------------------------------------------------------------------
Alex Schoenborn 0 0 0 0 0 0 0 0 0 0 0/0 1:24 0:08 0:00
Alexander Nylander 0 0 0 0 0 0 0 0 0 0 0/0 0:30 0:08 0:00
Anton Blidh 0 2 2 1 0 2 1 0 0 0 0/1 7:38 0:00 1:28
Artem Zub 0 2 2 2 5 2 0 2 0 1 0/0 19:05 2:31 4:57
Austen Brassard 0 0 0 1 4 1 2 0 0 0 0/0 10:03 0:07 0:00
Beck Malenstyn 0 0 0 0 0 0 0 0 0 0 0/0 0:00 0:00 0:00
Ben Betker 0 2 2 2 4 2 1 3 1 0 0/0 28:16 4:01 6:04
Brett Kulak 0 1 1 2 0 1 3 4 1 1 0/0 29:21 4:01 7:24
Carter Ashton 1 0 1 2 2 2 2 0 0 0 1/2 13:13 2:27 0:00
Chrstian Dvorak 1 0 1 2 0 1 1 0 1 0 0/1 13:05 2:27 0:00
Connor Clifton 0 0 0 0 0 0 0 1 0 0 0/0 12:36 0:00 2:15
Corey Tropp 1 1 2 0 0 3 2 0 1 0 2/3 24:51 3:57 6:39
Daniel Audette 1 0 1 1 0 1 0 0 0 0 4/5 6:36 0:00 0:39
Gabriel Gagne 0 0 0 0 0 0 0 0 0 0 1/1 3:33 0:00 3:08
John Quenneville 2 0 2 1 0 5 2 0 0 0 2/3 9:24 0:00 0:00
Michael Joly 0 0 0 1 0 0 0 1 0 0 0/0 5:55 0:00 0:00
Nicolas Roy 0 0 0 0 0 0 0 0 0 0 0/0 0:00 0:00 0:00
Nikita Gusev 0 2 2 1 0 0 0 0 1 0 0/0 9:24 0:00 0:00
Niko Mikkola 0 0 0 0 0 1 0 1 0 0 0/0 10:56 0:00 0:12
Noah Juulsen 0 1 1 2 2 1 1 0 1 0 0/0 19:18 2:31 3:59
Radek Faksa 0 1 1 2 0 2 1 0 0 0 4/8 17:11 2:27 3:45
Tyler Bertuzzi 1 1 2 0 4 2 1 0 0 0 1/2 20:30 3:57 2:13
Zack Hamill 1 1 2 0 0 2 2 0 0 0 22/34 24:59 3:58 6:44
3 Stars
1 - John Quenneville (Pro)
2 - Corey Tropp (Pro)
3 - Zack Hamill (Pro)
Power Play
Comets - 1 on 8 Attempt(s) - 12.50%
Punishers - 2 on 5 Attempt(s) - 40.00%
Penalty Kill
Comets - 3 on 5 Attempt(s) - 60.00%
- Score 0 goal in Penalty Kill
Punishers - 7 on 8 Attempt(s) - 87.50%
- Score 0 goal in Penalty Kill
Team Stat
Comets - Hits : 25 - Faceoff Wins : 23 - Blocked Shots : 8 - Penalty Minutes : 25
Punishers - Hits : 19 - Faceoff Wins : 37 - Blocked Shots : 12 - Penalty Minutes : 21
Official
Referees : Chris Lee and Tom Chmielewski
Linesman : Travis Toomey and Julien Fournier
Game Notes
Marek Langhamer enters game at 2:49 of 2nd period
Kurtis Macdermid beats up Artem Zub at 4:20 of 2nd period
Finance
Level 1 -- Attendance: 1909 (95.45%) -- Ticket Income $66,815
Level 2 -- Attendance: 937 (93.70%) -- Ticket Income $14,055
Total Attendance: 2846 (94.87%)
Total Ticket Income: $80,870
Other Income: $4,044
Total Income: $84,914
Comets
5 vs 5 Forward
Center Left Wing Right Wing Time % Phy DF OF
1 Brendan Gaunce Taylor Beck Dennis Everberg 40 1 2 2
2 Andrej Nestrasil Brendan Lemieux Justin Bailey 30 1 2 2
3 Nicolas Petan Teemu Pulkkinen Joshua Leivo 20 1 2 2
4 Axel Holmstrom Brendan Perlini Juho Lammikko 10 1 2 2
5 vs 5 Defense
Defense Defense Time % Phy DF OF
1 Seth Helgeson Wiley Sherman 40 1 2 2
2 Nikita Tryamkin Juuso Riikola 30 1 2 2
3 Kurtis Macdermid Oliver Kylington 20 1 2 2
4 William Lagesson Jordan Gross 10 1 2 2
PowerPlay Forward
Center Left Wing Right Wing Time % Phy DF OF
1 Brendan Gaunce Taylor Beck Dennis Everberg 60 1 2 2
2 Andrej Nestrasil Brendan Lemieux Justin Bailey 40 1 2 2
PowerPlay Defense
Defense Defense Time % Phy DF OF
1 Seth Helgeson Wiley Sherman 60 1 2 2
2 Nikita Tryamkin Juuso Riikola 40 1 2 2
Penalty Kill 4 Players Forward
Center Wing Time % Phy DF OF
1 Taylor Beck Dennis Everberg 60 1 2 2
2 Brendan Gaunce Brendan Lemieux 40 1 2 2
Penalty Kill 4 Players Defense
Defense Defense Time % Phy DF OF
1 Seth Helgeson Wiley Sherman 60 1 2 2
2 Nikita Tryamkin Juuso Riikola 40 1 2 2
Penalty Kill - 3 Players Forward
Forward Time % Phy DF OF
1 Taylor Beck 60 1 2 2
2 Dennis Everberg 40 1 2 2
Penalty Kill - 3 Players Defense
Defense Defense Time % Phy DF OF
1 Seth Helgeson Wiley Sherman 60 1 2 2
2 Nikita Tryamkin Juuso Riikola 40 1 2 2
4 vs 4 Forward
Center Wing Time % Phy DF OF
1 Taylor Beck Dennis Everberg 60 1 2 2
2 Brendan Gaunce Brendan Lemieux 40 1 2 2
4 vs 4 Defense
Defense Defense Time % Phy DF OF
1 Seth Helgeson Wiley Sherman 60 1 2 2
2 Nikita Tryamkin Juuso Riikola 40 1 2 2
Last Minutes Offensive
Center Left Wing Right Wing Defense Defense
Brendan Gaunce Taylor Beck Dennis Everberg Seth Helgeson Wiley Sherman
Last Minutes Defensive
Center Left Wing Right Wing Defense Defense
Brendan Gaunce Taylor Beck Dennis Everberg Seth Helgeson Wiley Sherman
Goaltenders
Starting : Thatcher Demko
Backup : Marek Langhamer
Extra Forwards
Normal : Phil Di Giuseppe, Tyler Graovac, Teemu Pulkkinen - PP : Phil Di Giuseppe, Tyler Graovac - PK : Teemu Pulkkinen
Extra Defensemen
Normal : Kurtis Macdermid, Oliver Kylington, William Lagesson - PP : Kurtis Macdermid - PK : Oliver Kylington, William Lagesson
Penalty Shots
Taylor Beck, Dennis Everberg, Brendan Gaunce, Brendan Lemieux, Teemu Pulkkinen
Scratches
Anton Karlsson (Healthy), Anton Zlobin (Healthy), Jaedon Descheneau (Healthy), Jeremy Roy (Healthy), Mackenzie MacEachern (Healthy)
Taylor Leier (Healthy), Thomas DiPauli (Healthy), Rasmus Asplund (Healthy), Oskar Steen (Healthy), Dmitry Sokolov (Healthy)
Punishers
5 vs 5 Forward
Center Left Wing Right Wing Time % Phy DF OF
1 Zack Hamill Tyler Bertuzzi Corey Tropp 40 1 2 2
2 Radek Faksa Chrstian Dvorak Carter Ashton 30 1 2 2
3 John Quenneville Nikita Gusev Austen Brassard 20 1 2 2
4 Daniel Audette Anton Blidh Michael Joly 10 1 2 2
5 vs 5 Defense
Defense Defense Time % Phy DF OF
1 Brett Kulak Ben Betker 40 1 2 2
2 Artem Zub Noah Juulsen 30 1 2 2
3 Niko Mikkola Connor Clifton 20 1 2 2
4 Brett Kulak Ben Betker 10 1 2 2
PowerPlay Forward
Center Left Wing Right Wing Time % Phy DF OF
1 Zack Hamill Tyler Bertuzzi Corey Tropp 60 1 2 2
2 Radek Faksa Chrstian Dvorak Carter Ashton 40 1 2 2
PowerPlay Defense
Defense Defense Time % Phy DF OF
1 Brett Kulak Ben Betker 60 1 2 2
2 Artem Zub Noah Juulsen 40 1 2 2
Penalty Kill 4 Players Forward
Center Wing Time % Phy DF OF
1 Zack Hamill Corey Tropp 60 1 2 2
2 Tyler Bertuzzi Radek Faksa 40 1 2 2
Penalty Kill 4 Players Defense
Defense Defense Time % Phy DF OF
1 Brett Kulak Ben Betker 60 1 2 2
2 Artem Zub Noah Juulsen 40 1 2 2
Penalty Kill - 3 Players Forward
Forward Time % Phy DF OF
1 Zack Hamill 60 1 2 2
2 Corey Tropp 40 1 2 2
Penalty Kill - 3 Players Defense
Defense Defense Time % Phy DF OF
1 Brett Kulak Ben Betker 60 1 2 2
2 Artem Zub Noah Juulsen 40 1 2 2
4 vs 4 Forward
Center Wing Time % Phy DF OF
1 Zack Hamill Corey Tropp 60 1 2 2
2 Tyler Bertuzzi Radek Faksa 40 1 2 2
4 vs 4 Defense
Defense Defense Time % Phy DF OF
1 Brett Kulak Ben Betker 60 1 2 2
2 Artem Zub Noah Juulsen 40 1 2 2
Last Minutes Offensive
Center Left Wing Right Wing Defense Defense
Zack Hamill Tyler Bertuzzi Corey Tropp Brett Kulak Ben Betker
Last Minutes Defensive
Center Left Wing Right Wing Defense Defense
Zack Hamill Tyler Bertuzzi Corey Tropp Brett Kulak Ben Betker
Goaltenders
Starting : Louis Domingue
Backup : Daniel Altshuller
Extra Forwards
Normal : Alex Schoenborn, Alexander Nylander, Gabriel Gagne - PP : Alex Schoenborn, Alexander Nylander - PK : Gabriel Gagne
Extra Defensemen
Normal : Niko Mikkola, Connor Clifton, Artem Zub - PP : Niko Mikkola - PK : Connor Clifton, Artem Zub
Penalty Shots
Zack Hamill, Corey Tropp, Tyler Bertuzzi, Radek Faksa, Carter Ashton
Scratches
Andreas Athanasiou (Torn Left Knee Ligaments Injury), Austin Wagner (Healthy), Fredrik Claesson (Dislocated Patella Injury)
% Time on Ice - Comets
Lines # - Real PCT - Wanted PCT - Time Play
Normal Forward
1 - 32% - 40% - 13:03
2 - 25% - 30% - 10:10
3 - 26% - 20% - 10:43
4 - 18% - 10% - 7:14
Normal Defense
1 - 35% - 40% - 14:31
2 - 35% - 30% - 14:15
3 - 21% - 20% - 8:42
4 - 9% - 10% - 3:42
PP Forward
1 - 58% - 60% - 7:07
2 - 42% - 40% - 5:11
PP Defense
1 - 61% - 60% - 7:31
2 - 39% - 40% - 4:47
PK Forward
1 - 78% - 60% - 5:07
2 - 22% - 40% - 1:25
PK Defense
1 - 72% - 60% - 4:41
2 - 28% - 40% - 1:51
PK3 Forward
1 - 0% - 60%
2 - 0% - 40%
PK3 Defense
1 - 0% - 60%
2 - 0% - 40%
44 Forward
1 - 0% - 60%
2 - 0% - 40%
44 Defense
1 - 0% - 60%
2 - 0% - 40%
Last Minute Offensive - 0:00
Last Minute Defensive - 0:00
Total
Forward - 60:00
Defense - 60:00
|
% Time on Ice - Punishers
Lines # - Real PCT - Wanted PCT - Time Play
Normal Forward
1 - 36% - 40% - 14:52
2 - 27% - 30% - 10:59
3 - 23% - 20% - 9:24
4 - 14% - 10% - 5:55
Normal Defense
1 - 41% - 40% - 17:02
2 - 33% - 30% - 13:43
3 - 23% - 20% - 9:33
4 - 2% - 10% - 0:52
PP Forward
1 - 63% - 60% - 4:05
2 - 38% - 40% - 2:27
PP Defense
1 - 61% - 60% - 4:01
2 - 39% - 40% - 2:31
PK Forward
1 - 70% - 60% - 8:33
2 - 30% - 40% - 3:45
PK Defense
1 - 56% - 60% - 6:56
2 - 44% - 40% - 5:22
PK3 Forward
1 - 0% - 60%
2 - 0% - 40%
PK3 Defense
1 - 0% - 60%
2 - 0% - 40%
44 Forward
1 - 0% - 60%
2 - 0% - 40%
44 Defense
1 - 0% - 60%
2 - 0% - 40%
Last Minute Offensive - 0:00
Last Minute Defensive - 0:00
Total
Forward - 60:00
Defense - 60:00
|
Play-by-Play
1st period
0:01 of 1st period - Zack Hamill wins face-off versus Brendan Gaunce in neutral zone.
0:10 of 1st period - Wrist shot by Taylor Beck.
0:10 of 1st period - Stopped by Louis Domingue with a rebound.
0:12 of 1st period - Slapshot by Wiley Sherman.
0:12 of 1st period - Stopped by Louis Domingue with a rebound.
0:14 of 1st period - Snap shot by Dennis Everberg.
0:14 of 1st period - Stopped by Louis Domingue without a rebound.
0:15 of 1st period - Andrej Nestrasil wins face-off versus Chrstian Dvorak in Punishers zone.
0:41 of 1st period - Juuso Riikola is hit by Austen Brassard and loses puck.
1:51 of 1st period - Snap shot by Radek Faksa.
1:51 of 1st period - Shot Misses the Net.
2:27 of 1st period - Snap shot by Zack Hamill.
2:27 of 1st period - Goal by Zack Hamill - Comets : 0 - Punishers : 1.
2:28 of 1st period - Corey Tropp wins face-off versus Brendan Gaunce in neutral zone.
2:31 of 1st period - Snap shot by Corey Tropp.
2:31 of 1st period - Shot Blocked by Wiley Sherman.
3:39 of 1st period - Snap shot by Brendan Perlini.
3:39 of 1st period - Stopped by Louis Domingue without a rebound.
3:40 of 1st period - Zack Hamill wins face-off versus Axel Holmstrom in Punishers zone.
3:42 of 1st period - Minor Penalty to Ben Betker for Interference.
3:43 of 1st period - Corey Tropp wins face-off versus Taylor Beck in Punishers zone.
5:42 of 1st period - Penalty to Ben Betker is over, Ben Betker is back on ice.
6:04 of 1st period - Snap shot by John Quenneville.
6:04 of 1st period - Goal by John Quenneville - Comets : 0 - Punishers : 2.
6:05 of 1st period - Tyler Bertuzzi wins face-off versus Brendan Gaunce in neutral zone.
6:16 of 1st period - Snap shot by Zack Hamill.
6:16 of 1st period - Stopped by Thatcher Demko without a rebound.
6:17 of 1st period - Brendan Gaunce wins face-off versus Zack Hamill in Comets zone.
6:22 of 1st period - Snap shot by Zack Hamill.
6:22 of 1st period - Shot Blocked by Wiley Sherman.
6:32 of 1st period - Snap shot by Tyler Bertuzzi.
6:32 of 1st period - Shot Misses the Net.
6:34 of 1st period - Minor Penalty to Dennis Everberg for Hooking.
6:35 of 1st period - Zack Hamill wins face-off versus Taylor Beck in Comets zone.
6:48 of 1st period - Backhand shot by Corey Tropp.
6:48 of 1st period - Goal by Corey Tropp - Comets : 0 - Punishers : 3.
6:49 of 1st period - Andrej Nestrasil wins face-off versus Radek Faksa in neutral zone.
7:14 of 1st period - Seth Helgeson is hit by Austen Brassard and loses puck.
8:14 of 1st period - Snap shot by Tyler Bertuzzi.
8:14 of 1st period - Shot Misses the Net.
9:57 of 1st period - Snap shot by Brendan Lemieux.
9:57 of 1st period - Stopped by Louis Domingue without a rebound.
9:58 of 1st period - Daniel Audette wins face-off versus Andrej Nestrasil in Punishers zone.
10:21 of 1st period - Corey Tropp is hit by Teemu Pulkkinen and loses puck.
10:27 of 1st period - Brett Kulak is hit by Juuso Riikola and loses puck.
10:42 of 1st period - Connor Clifton is hit by Dennis Everberg and loses puck.
11:07 of 1st period - Slapshot by Radek Faksa.
11:07 of 1st period - Stopped by Thatcher Demko without a rebound.
11:08 of 1st period - Zack Hamill wins face-off versus Andrej Nestrasil in Comets zone.
11:29 of 1st period - Minor Penalty to Tyler Bertuzzi for Elbowing.
11:30 of 1st period - Brendan Gaunce wins face-off versus Zack Hamill in Punishers zone.
11:30 of 1st period - Slapshot by Dennis Everberg.
11:30 of 1st period - Stopped by Louis Domingue with a rebound.
11:32 of 1st period - Slapshot by Seth Helgeson.
11:32 of 1st period - Shot Misses the Net.
11:34 of 1st period - Snap shot by Brendan Gaunce.
11:34 of 1st period - Stopped by Louis Domingue with a rebound.
11:38 of 1st period - Snap shot by Dennis Everberg.
11:38 of 1st period - Stopped by Louis Domingue with a rebound.
12:02 of 1st period - Snap shot by Justin Bailey.
12:02 of 1st period - Shot Misses the Net.
12:04 of 1st period - Snap shot by Wiley Sherman.
12:04 of 1st period - Shot Blocked by Brett Kulak.
12:06 of 1st period - Wrist shot by Justin Bailey.
12:06 of 1st period - Deflect By Andrej Nestrasil.
12:06 of 1st period - Shot Blocked by Ben Betker.
12:06 of 1st period - Puck is out of play.
12:07 of 1st period - Gabriel Gagne wins face-off versus Brendan Gaunce in Punishers zone.
13:29 of 1st period - Penalty to Tyler Bertuzzi is over, Tyler Bertuzzi is back on ice.
13:30 of 1st period - Tyler Bertuzzi is hit by Taylor Beck.
13:40 of 1st period - Snap shot by Radek Faksa.
13:40 of 1st period - Deflect By Tyler Bertuzzi.
13:40 of 1st period - Shot Misses the Net.
13:40 of 1st period - Puck is out of play.
13:41 of 1st period - Nicolas Petan wins face-off versus John Quenneville in Comets zone.
13:50 of 1st period - Ben Betker is hit by Teemu Pulkkinen and loses puck.
14:07 of 1st period - Corey Tropp is hit by Brendan Lemieux and loses puck.
15:01 of 1st period - Icing by John Quenneville.
15:02 of 1st period - John Quenneville wins face-off versus Justin Bailey in Punishers zone.
15:02 of 1st period - John Quenneville is hit by Justin Bailey.
15:11 of 1st period - Minor Penalty to Seth Helgeson for Interference.
15:12 of 1st period - Taylor Beck wins face-off versus Zack Hamill in Comets zone.
15:24 of 1st period - Slapshot by Corey Tropp.
15:24 of 1st period - Stopped by Thatcher Demko with a rebound.
15:28 of 1st period - Snap shot by Tyler Bertuzzi.
15:28 of 1st period - Shot Misses the Net.
17:11 of 1st period - Penalty to Seth Helgeson is over, Seth Helgeson is back on ice.
17:16 of 1st period - Snap shot by John Quenneville.
17:16 of 1st period - Stopped by Thatcher Demko with a rebound.
17:36 of 1st period - Snap shot by Taylor Beck.
17:36 of 1st period - Stopped by Louis Domingue without a rebound.
17:37 of 1st period - Nicolas Petan wins face-off versus Daniel Audette in Punishers zone.
17:42 of 1st period - Slapshot by Teemu Pulkkinen.
17:42 of 1st period - Deflect By Nicolas Petan.
17:42 of 1st period - Shot Blocked by Artem Zub.
17:42 of 1st period - Puck is out of play.
17:43 of 1st period - Nicolas Petan wins face-off versus Anton Blidh in Punishers zone.
18:42 of 1st period - Snap shot by Carter Ashton.
18:42 of 1st period - Stopped by Thatcher Demko with a rebound.
19:21 of 1st period - Snap shot by Anton Blidh.
19:21 of 1st period - Stopped by Thatcher Demko without a rebound.
19:22 of 1st period - Zack Hamill wins face-off versus Andrej Nestrasil in Comets zone.
19:55 of 1st period - Wrist shot by Nicolas Petan.
19:55 of 1st period - Shot Blocked by Brett Kulak.
Goals for this period are 0 for Comets vs 3 for Punishers.
Shots for this period are 9 for Comets vs 9 for Punishers.
2nd period
0:01 of 2nd period - Zack Hamill wins face-off versus Brendan Gaunce in neutral zone.
0:57 of 2nd period - Slapshot by John Quenneville.
0:57 of 2nd period - Stopped by Thatcher Demko without a rebound.
0:58 of 2nd period - Zack Hamill wins face-off versus Brendan Gaunce in Comets zone.
1:15 of 2nd period - Off-side.
1:16 of 2nd period - Andrej Nestrasil wins face-off versus Radek Faksa in neutral zone.
1:41 of 2nd period - Connor Clifton is hit by Dennis Everberg and loses puck.
2:47 of 2nd period - Slapshot by Noah Juulsen.
2:47 of 2nd period - Shot Blocked by Brendan Lemieux.
2:49 of 2nd period - Slapshot by Chrstian Dvorak.
2:49 of 2nd period - Goal by Chrstian Dvorak - Comets : 0 - Punishers : 4.
2:49 of 2nd period - Marek Langhamer enters game.
2:50 of 2nd period - Dennis Everberg wins face-off versus Zack Hamill in neutral zone.
2:57 of 2nd period - Snap shot by Brendan Gaunce.
2:57 of 2nd period - Stopped by Louis Domingue without a rebound.
2:58 of 2nd period - Zack Hamill wins face-off versus Brendan Gaunce in Punishers zone.
2:58 of 2nd period - Zack Hamill is hit by Seth Helgeson.
3:06 of 2nd period - Brett Kulak is hit by Taylor Beck.
3:25 of 2nd period - Snap shot by Joshua Leivo.
3:25 of 2nd period - Shot Blocked by Brett Kulak.
3:27 of 2nd period - Slapshot by Seth Helgeson.
3:27 of 2nd period - Stopped by Louis Domingue with a rebound.
3:33 of 2nd period - Slapshot by Joshua Leivo.
3:33 of 2nd period - Shot Blocked by Brett Kulak.
3:35 of 2nd period - Wrist shot by Seth Helgeson.
3:35 of 2nd period - Deflect By Tyler Bertuzzi.
3:35 of 2nd period - Stopped by Louis Domingue with a rebound.
4:01 of 2nd period - Nikita Tryamkin is hit by Chrstian Dvorak and loses puck.
4:09 of 2nd period - Off-side.
4:10 of 2nd period - John Quenneville wins face-off versus Brendan Gaunce in neutral zone.
4:17 of 2nd period - Snap shot by John Quenneville.
4:17 of 2nd period - Stopped by Marek Langhamer with a rebound.
4:20 of 2nd period - Kurtis Macdermid beats up Artem Zub.
4:20 of 2nd period - Penalty to Artem Zub for Fighting.
4:20 of 2nd period - Penalty to Kurtis Macdermid for Fighting.
4:20 of 2nd period - Penalty to Kurtis Macdermid for instigated a fight.
4:20 of 2nd period - Penalty to Kurtis Macdermid for instigated a fight.
4:21 of 2nd period - Taylor Beck wins face-off versus Tyler Bertuzzi in Comets zone.
4:29 of 2nd period - Off-side.
4:30 of 2nd period - Zack Hamill wins face-off versus Taylor Beck in neutral zone.
4:37 of 2nd period - Snap shot by Corey Tropp.
4:37 of 2nd period - Stopped by Marek Langhamer with a rebound.
4:39 of 2nd period - Slapshot by Ben Betker.
4:39 of 2nd period - Stopped by Marek Langhamer with a rebound.
4:41 of 2nd period - Snap shot by Tyler Bertuzzi.
4:41 of 2nd period - Goal by Tyler Bertuzzi - Comets : 0 - Punishers : 5.
4:42 of 2nd period - Brendan Gaunce wins face-off versus Zack Hamill in neutral zone.
4:47 of 2nd period - Snap shot by Brendan Gaunce.
4:47 of 2nd period - Stopped by Louis Domingue without a rebound.
4:48 of 2nd period - Zack Hamill wins face-off versus Brendan Gaunce in Punishers zone.
5:15 of 2nd period - Brendan Lemieux is hit by Carter Ashton and loses puck.
6:02 of 2nd period - Wrist shot by Juho Lammikko.
6:02 of 2nd period - Shot Misses the Net.
6:04 of 2nd period - Snap shot by Juuso Riikola.
6:04 of 2nd period - Stopped by Louis Domingue with a rebound.
6:18 of 2nd period - Snap shot by Brendan Gaunce.
6:18 of 2nd period - Shot Misses the Net.
6:24 of 2nd period - William Lagesson is hit by Zack Hamill and loses puck.
7:05 of 2nd period - Snap shot by Teemu Pulkkinen.
7:05 of 2nd period - Shot Misses the Net.
7:20 of 2nd period - Austen Brassard is hit by Seth Helgeson and loses puck.
8:33 of 2nd period - Minor Penalty to Noah Juulsen for High sticking.
8:34 of 2nd period - Zack Hamill wins face-off versus Brendan Gaunce in Punishers zone.
9:20 of 2nd period - Penalty to Artem Zub is over, Artem Zub is back on ice.
9:27 of 2nd period - Radek Faksa is hit by Brendan Gaunce and loses puck.
10:33 of 2nd period - Penalty to Noah Juulsen is over, Noah Juulsen is back on ice.
10:40 of 2nd period - Wiley Sherman is hit by John Quenneville.
10:44 of 2nd period - Snap shot by Austen Brassard.
10:44 of 2nd period - Shot Misses the Net.
10:52 of 2nd period - Niko Mikkola is hit by Teemu Pulkkinen and loses puck.
11:03 of 2nd period - Brendan Perlini is hit by Radek Faksa and loses puck.
11:12 of 2nd period - Snap shot by Axel Holmstrom.
11:12 of 2nd period - Deflect By Juho Lammikko.
11:12 of 2nd period - Shot Blocked by Connor Clifton.
11:12 of 2nd period - Puck is out of play.
11:13 of 2nd period - Zack Hamill wins face-off versus Brendan Gaunce in Punishers zone.
11:31 of 2nd period - Minor Penalty to Ben Betker for High sticking.
11:32 of 2nd period - Brendan Gaunce wins face-off versus Zack Hamill in Punishers zone.
11:47 of 2nd period - Snap shot by Dennis Everberg.
11:47 of 2nd period - Goal by Dennis Everberg - Comets : 1 - Punishers : 5.
11:48 of 2nd period - Zack Hamill wins face-off versus Taylor Beck in neutral zone.
11:48 of 2nd period - Tyler Bertuzzi is hit by Dennis Everberg and loses puck.
11:57 of 2nd period - Brett Kulak is hit by Taylor Beck and loses puck.
12:33 of 2nd period - Slapshot by Ben Betker.
12:33 of 2nd period - Shot Blocked by Nicolas Petan.
12:35 of 2nd period - Slapshot by Ben Betker.
12:35 of 2nd period - Shot Misses the Net.
12:37 of 2nd period - Slapshot by Ben Betker.
12:37 of 2nd period - Stopped by Marek Langhamer with a rebound.
12:39 of 2nd period - Snap shot by Brett Kulak.
12:39 of 2nd period - Stopped by Marek Langhamer with a rebound.
12:41 of 2nd period - Slapshot by John Quenneville.
12:41 of 2nd period - Goal by John Quenneville - Comets : 1 - Punishers : 6.
12:42 of 2nd period - Zack Hamill wins face-off versus Brendan Gaunce in neutral zone.
13:37 of 2nd period - Wrist shot by Austen Brassard.
13:37 of 2nd period - Stopped by Marek Langhamer without a rebound.
13:38 of 2nd period - Zack Hamill wins face-off versus Taylor Beck in Comets zone.
14:08 of 2nd period - Wrist shot by Joshua Leivo.
14:08 of 2nd period - Stopped by Louis Domingue with a rebound.
14:22 of 2nd period - Brett Kulak is hit by William Lagesson and loses puck.
14:34 of 2nd period - Tyler Bertuzzi is hit by Joshua Leivo and loses puck.
14:49 of 2nd period - Joshua Leivo is hit by Tyler Bertuzzi and loses puck.
15:06 of 2nd period - William Lagesson is hit by Corey Tropp.
16:16 of 2nd period - Nicolas Petan is hit by Brett Kulak and loses puck.
16:34 of 2nd period - Off-side.
16:35 of 2nd period - Carter Ashton wins face-off versus Brendan Gaunce in neutral zone.
16:37 of 2nd period - Off-side.
16:38 of 2nd period - Radek Faksa wins face-off versus Brendan Gaunce in neutral zone.
16:41 of 2nd period - Slapshot by Artem Zub.
16:41 of 2nd period - Stopped by Marek Langhamer with a rebound.
17:02 of 2nd period - Artem Zub is hit by Andrej Nestrasil and loses puck.
17:23 of 2nd period - Snap shot by Anton Blidh.
17:23 of 2nd period - Shot Misses the Net.
17:25 of 2nd period - Slapshot by Artem Zub.
17:25 of 2nd period - Stopped by Marek Langhamer without a rebound.
17:26 of 2nd period - Daniel Audette wins face-off versus Axel Holmstrom in Comets zone.
17:41 of 2nd period - Snap shot by Juho Lammikko.
17:41 of 2nd period - Shot Misses the Net.
17:43 of 2nd period - Snap shot by Brendan Perlini.
17:43 of 2nd period - Shot Blocked by Michael Joly.
17:45 of 2nd period - Slapshot by Nikita Tryamkin.
17:45 of 2nd period - Stopped by Louis Domingue with a rebound.
17:47 of 2nd period - Snap shot by Juho Lammikko.
17:47 of 2nd period - Stopped by Louis Domingue with a rebound.
17:49 of 2nd period - Slapshot by Brendan Perlini.
17:49 of 2nd period - Shot Misses the Net.
17:51 of 2nd period - Slapshot by Nikita Tryamkin.
17:51 of 2nd period - Stopped by Louis Domingue without a rebound.
17:52 of 2nd period - Radek Faksa wins face-off versus Brendan Gaunce in Punishers zone.
17:59 of 2nd period - Snap shot by Radek Faksa.
17:59 of 2nd period - Shot Misses the Net.
18:03 of 2nd period - Snap shot by Radek Faksa.
18:03 of 2nd period - Stopped by Marek Langhamer with a rebound.
18:05 of 2nd period - Snap shot by Carter Ashton.
18:05 of 2nd period - Goal by Carter Ashton - Comets : 1 - Punishers : 7.
18:06 of 2nd period - Radek Faksa wins face-off versus Brendan Gaunce in neutral zone.
18:11 of 2nd period - Slapshot by Carter Ashton.
18:11 of 2nd period - Shot Misses the Net.
18:28 of 2nd period - Minor Penalty to Carter Ashton for Roughing.
18:29 of 2nd period - Zack Hamill wins face-off versus Brendan Gaunce in Punishers zone.
18:29 of 2nd period - Zack Hamill is hit by Dennis Everberg.
18:55 of 2nd period - Seth Helgeson is hit by Brett Kulak and loses puck.
19:20 of 2nd period - 10 Minutes Misconduct Penalty to Kurtis Macdermid is over.
Goals for this period are 1 for Comets vs 4 for Punishers.
Shots for this period are 10 for Comets vs 14 for Punishers.
3rd period
0:01 of 3rd period - Brendan Gaunce wins face-off versus Zack Hamill in neutral zone.
0:28 of 3rd period - Penalty to Carter Ashton is over, Carter Ashton is back on ice.
0:36 of 3rd period - Wrist shot by Brendan Lemieux.
0:36 of 3rd period - Stopped by Louis Domingue without a rebound.
0:37 of 3rd period - Radek Faksa wins face-off versus Andrej Nestrasil in Punishers zone.
1:02 of 3rd period - Juuso Riikola is hit by John Quenneville and loses puck.
1:11 of 3rd period - Snap shot by Nikita Gusev.
1:11 of 3rd period - Shot Blocked by Nikita Tryamkin.
1:13 of 3rd period - Wrist shot by Niko Mikkola.
1:13 of 3rd period - Stopped by Marek Langhamer with a rebound.
1:15 of 3rd period - Snap shot by Nikita Gusev.
1:15 of 3rd period - Shot Misses the Net.
1:36 of 3rd period - Snap shot by Brendan Perlini.
1:36 of 3rd period - Goal by Brendan Perlini - Comets : 2 - Punishers : 7.
1:37 of 3rd period - Brendan Gaunce wins face-off versus Zack Hamill in neutral zone.
1:52 of 3rd period - Minor Penalty to Tyler Bertuzzi for High sticking.
1:53 of 3rd period - Zack Hamill wins face-off versus Brendan Gaunce in Punishers zone.
2:07 of 3rd period - Corey Tropp is hit by Dennis Everberg and loses puck.
2:24 of 3rd period - Slapshot by Juuso Riikola.
2:24 of 3rd period - Shot Blocked by Ben Betker.
3:28 of 3rd period - Slapshot by Noah Juulsen.
3:28 of 3rd period - Stopped by Marek Langhamer without a rebound.
3:29 of 3rd period - Daniel Audette wins face-off versus Brendan Gaunce in Comets zone.
3:30 of 3rd period - Snap shot by Anton Blidh.
3:30 of 3rd period - Stopped by Marek Langhamer without a rebound.
3:31 of 3rd period - Daniel Audette wins face-off versus Brendan Gaunce in Comets zone.
3:36 of 3rd period - Wrist shot by Anton Blidh.
3:36 of 3rd period - Deflect By Daniel Audette.
3:36 of 3rd period - Shot Misses the Net.
3:36 of 3rd period - Puck is out of play.
3:37 of 3rd period - Brendan Gaunce wins face-off versus Corey Tropp in Comets zone.
3:46 of 3rd period - Wrist shot by Dennis Everberg.
3:46 of 3rd period - Shot Misses the Net.
3:52 of 3rd period - Penalty to Tyler Bertuzzi is over, Tyler Bertuzzi is back on ice.
4:15 of 3rd period - Carter Ashton is hit by Andrej Nestrasil and loses puck.
4:26 of 3rd period - Snap shot by Nikita Gusev.
4:26 of 3rd period - Shot Misses the Net.
4:28 of 3rd period - Wrist shot by Austen Brassard.
4:28 of 3rd period - Shot Misses the Net.
5:02 of 3rd period - Juho Lammikko is hit by Anton Blidh and loses puck.
5:21 of 3rd period - Slapshot by Brendan Lemieux.
5:21 of 3rd period - Stopped by Louis Domingue without a rebound.
5:22 of 3rd period - Brendan Gaunce wins face-off versus Radek Faksa in Punishers zone.
5:23 of 3rd period - Wrist shot by Taylor Beck.
5:23 of 3rd period - Stopped by Louis Domingue with a rebound.
5:35 of 3rd period - Minor Penalty to Seth Helgeson for Interference.
5:36 of 3rd period - Taylor Beck wins face-off versus Zack Hamill in Comets zone.
5:36 of 3rd period - Taylor Beck is hit by Corey Tropp.
5:49 of 3rd period - Snap shot by Tyler Bertuzzi.
5:49 of 3rd period - Stopped by Marek Langhamer without a rebound.
5:50 of 3rd period - Zack Hamill wins face-off versus Taylor Beck in Comets zone.
6:15 of 3rd period - Taylor Beck is hit by Ben Betker and loses puck.
6:36 of 3rd period - Slapshot by Corey Tropp.
6:36 of 3rd period - Shot Misses the Net.
6:38 of 3rd period - Slapshot by Ben Betker.
6:38 of 3rd period - Deflect By Tyler Bertuzzi.
6:38 of 3rd period - Shot Misses the Net.
6:38 of 3rd period - Puck is out of play.
6:39 of 3rd period - Taylor Beck wins face-off versus Carter Ashton in Comets zone.
7:35 of 3rd period - Penalty to Seth Helgeson is over, Seth Helgeson is back on ice.
8:14 of 3rd period - Slapshot by Nikita Tryamkin.
8:14 of 3rd period - Shot Blocked by Niko Mikkola.
8:16 of 3rd period - Slapshot by Juuso Riikola.
8:16 of 3rd period - Deflect By Daniel Audette.
8:16 of 3rd period - Stopped by Louis Domingue with a rebound.
8:18 of 3rd period - Slapshot by Justin Bailey.
8:18 of 3rd period - Stopped by Louis Domingue with a rebound.
9:04 of 3rd period - Slapshot by Seth Helgeson.
9:04 of 3rd period - Stopped by Louis Domingue with a rebound.
9:06 of 3rd period - Snap shot by Brendan Gaunce.
9:06 of 3rd period - Stopped by Louis Domingue without a rebound.
9:07 of 3rd period - Zack Hamill wins face-off versus Brendan Gaunce in Punishers zone.
9:16 of 3rd period - Backhand shot by Artem Zub.
9:16 of 3rd period - Shot Blocked by Brendan Gaunce.
9:30 of 3rd period - Wiley Sherman is hit by Noah Juulsen and loses puck.
9:38 of 3rd period - Minor Penalty to Austen Brassard for Hooking.
9:39 of 3rd period - Zack Hamill wins face-off versus Andrej Nestrasil in Punishers zone.
9:53 of 3rd period - Wrist shot by Brendan Lemieux.
9:53 of 3rd period - Stopped by Louis Domingue without a rebound.
9:54 of 3rd period - Brendan Gaunce wins face-off versus Zack Hamill in Punishers zone.
11:05 of 3rd period - Noah Juulsen is hit by Justin Bailey and loses puck.
11:26 of 3rd period - Nikita Tryamkin is hit by Brett Kulak and loses puck.
11:38 of 3rd period - Penalty to Austen Brassard is over, Austen Brassard is back on ice.
11:51 of 3rd period - Snap shot by Brendan Perlini.
11:51 of 3rd period - Stopped by Louis Domingue without a rebound.
11:52 of 3rd period - Axel Holmstrom wins face-off versus Radek Faksa in Punishers zone.
12:01 of 3rd period - Wrist shot by Radek Faksa.
12:01 of 3rd period - Shot Blocked by Juho Lammikko.
12:41 of 3rd period - Wrist shot by Daniel Audette.
12:41 of 3rd period - Goal by Daniel Audette - Comets : 2 - Punishers : 8.
12:42 of 3rd period - Brendan Gaunce wins face-off versus Zack Hamill in neutral zone.
12:57 of 3rd period - Wrist shot by Dennis Everberg.
12:57 of 3rd period - Shot Blocked by Ben Betker.
13:13 of 3rd period - Snap shot by Carter Ashton.
13:13 of 3rd period - Shot Blocked by Andrej Nestrasil.
13:34 of 3rd period - Snap shot by Teemu Pulkkinen.
13:34 of 3rd period - Goal by Teemu Pulkkinen - Comets : 3 - Punishers : 8.
13:35 of 3rd period - Taylor Beck wins face-off versus Zack Hamill in neutral zone.
13:46 of 3rd period - Wrist shot by Dennis Everberg.
13:46 of 3rd period - Stopped by Louis Domingue with a rebound.
13:52 of 3rd period - Seth Helgeson is hit by Zack Hamill.
15:32 of 3rd period - Brendan Lemieux is hit by Carter Ashton and loses puck.
16:02 of 3rd period - Daniel Audette is hit by Joshua Leivo and loses puck.
16:15 of 3rd period - Slapshot by Teemu Pulkkinen.
16:15 of 3rd period - Stopped by Louis Domingue with a rebound.
16:56 of 3rd period - Slapshot by Andrej Nestrasil.
16:56 of 3rd period - Stopped by Louis Domingue with a rebound.
17:04 of 3rd period - Minor Penalty to Juuso Riikola for Holding.
17:05 of 3rd period - Zack Hamill wins face-off versus Dennis Everberg in Comets zone.
19:04 of 3rd period - Penalty to Juuso Riikola is over, Juuso Riikola is back on ice.
19:09 of 3rd period - Artem Zub is hit by Juuso Riikola and loses puck.
19:18 of 3rd period - Wrist shot by Taylor Beck.
19:18 of 3rd period - Shot Misses the Net.
19:32 of 3rd period - Slapshot by Juho Lammikko.
19:32 of 3rd period - Shot Blocked by Artem Zub.
19:51 of 3rd period - Minor Penalty to Austen Brassard for Tripping.
19:52 of 3rd period - Zack Hamill wins face-off versus Brendan Gaunce in Punishers zone.
19:57 of 3rd period - Corey Tropp is hit by Dennis Everberg and loses puck.
Goals for this period are 2 for Comets vs 1 for Punishers.
Shots for this period are 14 for Comets vs 5 for Punishers.